 Dungeon Crawl Stone Soup version 0.30-a0-339-g89bb51ec76 (webtiles) character file.

Game seed: 4617548001191687546

43 Hubris850 the Magician (level 3, -4/19 HPs)
             Began as a Tengu Hedge Wizard on Oct 31, 2022.
             Slain by Natasha (6 damage)
             ... on level 2 of the Dungeon.
             The game lasted 00:03:07 (2048 turns).

Hubris850 the Magician (Tengu Hedge Wizard)         Turns: 2048, Time: 00:03:09

Health: -4/19      AC:  4    Str: 10    XL:     3   Next: 58%
Magic:  0/8        EV: 12    Int: 16    God:
Gold:   108        SH:  0    Dex: 13    Spells: 3/8 levels left

rFire   + . .      SeeInvis .    a - +0 dagger
rCold   . . .      Faith    .    (no shield)
rNeg    . . .      Spirit   .    b - +0 robe
rPois   .          Reflect  .    c - +0 hat
rElec   .          Harm     .    m - +1 cloak
rCorr   .          Rampage  .    (no gloves)
Will    .....                    (boots unavailable)
Stlth   ++........               (no amulet)
HPRegen 0.23/turn                e - ring of protection from fire
MPRegen 0.11/turn                (no ring)

@: slowed, very slow
A: beak, talons 3
a: no special abilities


You were on level 2 of the Dungeon.
You visited 1 branch of the dungeon, and saw 2 of its levels.

You collected 108 gold pieces.

Inventory:

Hand Weapons
 a - a +0 dagger (weapon)
Armour
 b - a +0 robe (worn)
 c - a +0 hat (worn)
 m - a +1 cloak (worn)
Jewellery
 e - a ring of protection from fire (left hand)
Scrolls
 g - a scroll of magic mapping {unknown}
 h - a scroll of poison {unknown}
Potions
 d - a potion of magic
 f - a potion of ambrosia {unknown}
 i - a potion of brilliance {unknown}
 j - a potion of flight {unknown}
 k - a potion of curing {unknown}
 l - a potion of might {unknown}


   Skills:
 + Level 2.6 Dodging
 + Level 2.4 Stealth
 + Level 3.2 Spellcasting
 + Level 2.2 Conjurations
 + Level 1.9 Summonings
 + Level 1.1 Translocations


You had 3 spell levels left.
You knew the following spells:

 Your Spells              Type           Power      Damage    Failure   Level
a - Magic Dart            Conj           36%        1d4       8%          1
b - Call Imp              Summ           8%         N/A       12%         2
c - Blink                 Tloc           12%        N/A       17%         2

Your spell library contained the following spells:

 Spells                   Type           Power      Damage    Failure   Level
 Slow                     Hex            8%         N/A       19%         1
 Cigotuvi's Dreadful Rot  Necr/Pois/Air  4%         N/A       28%         2
 Mephitic Cloud           Conj/Pois/Air  4%         N/A       38%         3


Dungeon Overview and Level Annotations

Branches:
Dungeon (2/15)

Altars:

Annotations:
D:2 Natasha


Innate Abilities, Weirdness & Mutations

You have a beak for a mouth.
You have claws for feet.


Message History

Natasha casts a spell at you. The magic dart hits you!
* * * LOW HITPOINT WARNING * * *
You are too injured to fight recklessly!
Casting: Magic Dart (safe; 8% risk of failure)
Confirm with . or Enter, or press ? or * to list all spells.
Aiming: Magic Dart (safe; 8% risk of failure)
Press: ? - help, Shift-Dir - straight line, f/p - Natasha
Aim: Natasha (heavily wounded, 100% to hit)
The magic dart hits Natasha.
Natasha is severely wounded.
Natasha barely misses you.
Casting: Magic Dart (safe; 8% risk of failure)
Confirm with . or Enter, or press ? or * to list all spells.
Aiming: Magic Dart (safe; 8% risk of failure)
Press: ? - help, Shift-Dir - straight line, f/p - Natasha
Aim: Natasha (severely wounded, 100% to hit)
The magic dart hits Natasha.
Natasha is severely wounded.
Natasha closely misses you. x2
Your magical contamination has completely faded away.
Unknown command.
Casting: Magic Dart (safe; 8% risk of failure)
Confirm with . or Enter, or press ? or * to list all spells.
Aiming: Magic Dart (safe; 8% risk of failure)
Press: ? - help, Shift-Dir - straight line, f/p - Natasha
Aim: Natasha (severely wounded, 100% to hit)
The magic dart hits Natasha but does no damage.
Natasha is severely wounded.
Natasha extends her claws.
Natasha mumbles some strange words.
Casting: Magic Dart (safe; 8% risk of failure)
Confirm with . or Enter, or press ? or * to list all spells.
Aiming: Magic Dart (safe; 8% risk of failure)
Press: ? - help, Shift-Dir - straight line, f/p - Natasha
Aim: Natasha (severely wounded, 100% to hit)
The magic dart hits Natasha.
Natasha is almost dead.
Natasha claws you.
You die...

###
############.#
#............#
##.#########.#
#.#.5.h@....#
#.#.#########
#.#.# #.#.#
####### #.#.#
......####.#h#
.####.#....#5#
....#.#.####.#
.##.#.#.#h...#


You could see Natasha and a crimson imp (summoned).

Vanquished Creatures
  2 dart slugs
  A bat zombie (D:2)
  An endoplasm (D:1)
  A giant cockroach (D:1)
  4 goblins
  7 hobgoblins
  A kobold (D:1)
  2 quokkas (D:1)
  4 ball pythons (D:1)
  A ball python zombie (D:2)
  3 bats (D:1)
  3 frilled lizards (D:1)
  4 rats
34 creatures vanquished.

Vanquished Creatures (collateral kills)
  A kobold (D:1)
1 creature vanquished.

Vanquished Creatures (others)
  25 withered plants (D:2)
25 creatures vanquished.

Grand Total: 60 creatures vanquished

Notes
Turn   | Place    | Note
-------+----------+-------------------------------------------
     0 | D:1      | Hubris850 the Tengu Hedge Wizard began the quest for the
                  | Orb.
     0 | D:1      | Reached XP level 1. HP: 10/10 MP: 5/5
   156 | D:1      | Reached XP level 2. HP: 15/15 MP: 1/7
   377 | D:1      | Reached skill level 1 in Translocations
   728 | D:1      | Reached XP level 3. HP: 18/19 MP: 1/8
   731 | D:1      | Learned a level 2 spell: Call Imp
   734 | D:1      | Learned a level 2 spell: Blink
  1998 | D:2      | Noticed Natasha
  2048 | D:2      | Slain by Natasha

Illustrated notes

Levels and vault maps discovered:
D:1:      lightli_arrival_quake, layout_basic
D:2:      layout_basic, dilly_guarded_unrand_morg

Skill      XL: |  1  2 |
---------------+-------+-----
Translocations | 1 |  1.1
Conjurations   | 2 |  2.2
Dodging        | |  2.6
Stealth        | |  2.4
Spellcasting   | |  3.2
Summonings     | |  1.9

Action                   || total
-------------------------++-------
Melee: Dagger            ||    11
       Kick              ||     1
 Cast: Magic Dart        ||   101
       Call Imp          ||     3
Armor: Robe              ||     6
Dodge: Dodged            ||    27

Table legend: (Time is in decaauts)
 A = Elapsed time spent in this place.
 B = Non-inter-level travel time spent in this place.
 C = Inter-level travel time spent in this place.
 D = Time resting spent in this place.
 E = Time spent auto-exploring this place.
 F = Levels seen in this place.
 G = Mean time per level.
                   A        B        C        D        E       F      G
               +--------+--------+--------+--------+--------+-----+--------+
         Total |   2050 |   2009 |     41 |      0 |   1760 |   2 | 1025.0 |
       Dungeon |   2050 |   2009 |     41 |      0 |   1760 |   2 | 1025.0 |
               +--------+--------+--------+--------+--------+-----+--------+

Top non-repeatable levels by time:
     D:1: 1447 daAuts
     D:2: 603 daAuts
